 Dungeon Crawl Stone Soup version 0.20.1-1-g8b1a95d66d (webtiles) character file.

4573 Kublaii the Cleaver (level 10, -5/93 HPs)
             Began as a Hill Orc Berserker on Nov 24, 2017.
             Was an Elder of Trog.
             Slain by a hornet (16 damage)
             ... on level 8 of the Dungeon.
             The game lasted 01:19:34 (6972 turns).

Kublaii the Cleaver (Hill Orc Berserker)            Turns: 6972, Time: 01:19:34

Health: -5/93      AC:  9    Str: 27    XL:     10   Next: 41%
Magic:  13/13      EV: 14    Int: 10    God:    Trog [****..]
Gold:   331        SH:  0    Dex: 12    Spells: 9/9 levels left

rFire    + . .     SeeInvis .   b - +2 war axe (curse)
rCold    + . .     Gourm    .   (no shield)
rNeg     . . .     Faith    .   l - +3 leather armour "Faovod" {-Cast rElec rPois Int+5}
rPois    +         Spirit   .   v - +1 helmet
rElec    +         Reflect  .   (no cloak)
rCorr    +         Harm     .   (no gloves)
MR       ++...     NoCast   +   (no boots)
Stlth    +.........             (no amulet)
Regen    1.3/turn               d - ring of resist corrosion
MPRegen  0.2/turn               (no ring)

@: mighty, lethally poisoned (-5 -> -5), berserk cooldown, regenerating, slowed,
very slow
A: blink, cold resistance 1, dopey 1, fire resistance 1
a: Blink, Berserk, Trog's Hand, Brothers in Arms, Burn Spellbooks, Renounce
Religion


You were on level 8 of the Dungeon.
You worshipped Trog.
Trog was greatly pleased with you.
You were not hungry.

You visited 1 branch of the dungeon, and saw 8 of its levels.
You also visited: Sewer and Ossuary.

You collected 331 gold pieces.

Inventory:

Hand Weapons
 b - a cursed +2 war axe (weapon)
 n - a +2 short sword of draining
 J - a +0 rapier
Missiles
 h - 55 sling bullets
 j - 250 stones (quivered)
Armour
 g - a +0 chain mail
 l - the +3 leather armour "Faovod" (worn) {-Cast rElec rPois Int+5}
   (You found it on level 6 of the Dungeon)

   It affects your intelligence (+5).
   It insulates you from electricity.
   It protects you from poison.
   It prevents spellcasting.
 o - a +3 ring mail of magic resistance
 v - a +1 helmet (worn)
 E - a +0 shield
Jewellery
 d - a ring of resist corrosion (left hand)
Wands
 x - a wand of lightning (6/15)
 D - a wand of confusion (15/48)
 H - a wand of paralysis (7/24)
 I - a wand of polymorph (11/24)
Scrolls
 a - 2 scrolls of fear
 i - 3 scrolls of identify
 q - 4 scrolls of fog
 r - 2 scrolls of recharging
 u - 2 scrolls of remove curse
 A - a scroll of magic mapping
 B - 4 scrolls of teleportation
 K - 2 scrolls of blinking
 L - a scroll of vulnerability
Potions
 e - a potion of mutation
 k - 4 potions of brilliance
 m - a potion of might
 p - 3 potions of invisibility
 s - 3 potions of curing
 t - 2 potions of lignification
 w - 3 potions of flight
 z - a potion of haste
 F - a potion of heal wounds
Books
 C - a book of Flames

   Spells                             Type                      Level
   a - Flame Tongue                   Conjuration/Fire             1
   b - Throw Flame                    Conjuration/Fire             2
   c - Conjure Flame                  Conjuration/Fire             3
   d - Inner Flame                    Hexes/Fire                   3
   e - Sticky Flame                   Conjuration/Fire             4
   f - Fireball                       Conjuration/Fire             5
   Trog disapproves of the use of such an item.
Comestibles
 c - 3 bread rations
 f - 2 royal jellies
 G - 4 chunks of flesh
 M - a meat ration


   Skills:
 + Level 10.0 Fighting
 + Level 10.3 Axes
 - Level 8.0 Armour
 - Level 5.0 Dodging
 - Level 5.0 Evocations


You had 9 spell levels left.
You didn't know any spells.

Dungeon Overview and Level Annotations

Branches:
Dungeon (8/15)             Temple (0/1) D:5
   Lair: D:8-11

Altars:


Innate Abilities, Weirdness & Mutations

You can translocate small distances at will.
Your flesh is cold resistant. (rC+)
You are dopey. (Int -2)
Your flesh is heat resistant. (rF+)


Message History

The hornet stings you!
* * * LOW HITPOINT WARNING * * *
You feel as though you will be slow longer.
The hornet barely misses you.
You hit the hornet but do no damage.
The hornet is moderately wounded.
You feel sick. The hornet barely misses you. The hornet completely misses you.
You hit the hornet.
The hornet is heavily wounded.
You feel the effects of Trog's Hand fading.
You feel sick. The hornet barely misses you. The hornet closely misses you.
The hornet stings you but does no damage.
You closely miss the hornet.
The hornet is moderately wounded.
The hornet barely misses you. The hornet stings you.
* * * LOW HITPOINT WARNING * * *
You are more poisoned.
You feel very mighty all of a sudden.
You feel sick. The hornet stings you!
You die...

# #.
#####.###
...(..y.# #@#
#.# #.# ###
#># #.. #.#
#.# #.# #.#
#.# #.# #.#
#.####.####.#


You could see a hornet.

Vanquished Creatures
  A two-headed ogre (D:8)
  2 hippogriffs (D:7)
  Sigmund (D:3)
  Eustachio (D:6)
  2 hungry ghosts (D:7)
  Menkaure (D:6)
  Duvessa (D:5)
  Purgy (Sewer)
  A black bear (D:5)
  2 ogres
  4 centaurs
  2 big kobolds
  An elf zombie (D:4)
  A bullfrog (D:6)
  An elf skeleton (D:4)
  5 water moccasin zombies (Ossuary)
  5 scorpions
  Dowan (D:5)
  4 wights (D:7)
  4 howler monkeys
  4 crimson imps
  A hound (D:5)
  An orc priest (D:7)
  4 orc wizards
  A bullfrog skeleton (D:4)
  Jessica (D:2)
  Natasha (thrice) (D:2)
  A human skeleton (D:4)
  6 worker ants
  A big kobold zombie (Ossuary)
  A hound zombie (D:7)
  2 mummies (Ossuary)
  8 adders
  7 gnolls
  2 shadow imps
  2 oozes
  4 adder zombies (Ossuary)
  A worm (D:3)
  A dart slug (D:1)
  3 leopard geckos (D:5)
  14 orcs
  4 giant cockroaches
  4 goblins
  11 hobgoblins
  4 jackals (D:4)
  13 kobolds
  4 quokkas
  2 ball pythons
  4 bats
  10 frilled lizards
  2 gnoll zombies (Ossuary)
  6 hobgoblin zombies (Ossuary)
  A jackal zombie (D:6)
  4 kobold zombies (Ossuary)
  An orc skeleton (D:4)
  6 orc zombies
  A quokka skeleton (D:7)
  16 rats
202 creatures vanquished.

Notes
Turn   | Place    | Note
-------+----------+-------------------------------------------
     0 | D:1      | Kublaii the Hill Orc Berserker began the quest for the Orb.
     0 | D:1      | Reached XP level 1. HP: 19/19 MP: 1/1
   166 | D:1      | Reached XP level 2. HP: 23/26 MP: 2/2
   320 | D:1      | Reached XP level 3. HP: 14/31 MP: 3/3
  1217 | D:2      | Noticed Natasha
  1230 | D:2      | Killed Natasha
  1230 | D:2      | Reached XP level 4. HP: 37/39 MP: 4/4
  1256 | D:2      | Noticed Jessica
  1285 | D:2      | Killed Jessica
  1317 | D:2      | Reached ** piety under Trog
  1891 | D:2      | Noticed Natasha
  1896 | D:2      | Killed Natasha
  1896 | D:2      | Reached XP level 5. HP: 46/46 MP: 5/5
  1926 | D:2      | Noticed Natasha
  1937 | D:2      | Killed Natasha
  2240 | D:3      | Noticed a big kobold
  2273 | D:3      | Killed a big kobold
  2273 | D:3      | Reached skill level 5 in Axes
  2273 | D:3      | Reached XP level 6. HP: 49/53 MP: 6/6
  2466 | D:3      | Noticed Sigmund
  2480 | D:3      | Killed Sigmund
  2480 | D:3      | Reached skill level 5 in Fighting
  2859 | D:4      | Reached XP level 7. HP: 51/62 MP: 7/7
  2891 | D:4      | Found a sand-covered staircase.
  2897 | Ossuary  | Entered an ossuary
  2976 | Ossuary  | Reached *** piety under Trog
  3097 | Ossuary  | Paralysed by fainting for 10 turns
  3266 | D:4      | Reached XP level 8. HP: 38/73 MP: 8/8
  3309 | D:4      | Reached skill level 5 in Armour
  3910 | D:4      | Gained mutation: You can translocate small distances at will. [potion of mutation]
  3910 | D:4      | Gained mutation: You are dopey. (Int -2) [potion of mutation]
  3910 | D:4      | Gained mutation: Your flesh is heat resistant. (rF+) [potion of mutation]
  3910 | D:4      | Gained mutation: Your flesh is cold resistant. (rC+) [potion of mutation]
  4072 | D:5      | Entered Level 5 of the Dungeon
  4178 | D:5      | Found a glowing drain.
  4204 | Sewer    | Entered a sewer
  4258 | Sewer    | Noticed Purgy
  4276 | Sewer    | Killed Purgy
  4477 | D:5      | Found a staircase to the Ecumenical Temple.
  4879 | D:6      | Noticed Dowan
  4879 | D:6      | Reached XP level 9. HP: 83/83 MP: 9/9
  4884 | D:6      | Reached skill level 1 in Evocations
  4887 | D:6      | Reached **** piety under Trog
  4888 | D:6      | Noticed Duvessa
  4893 | D:6      | Noticed Menkaure
  4903 | D:5      | Killed Dowan
  4906 | D:5      | HP: 6/124 [Duvessa/short sword of flaming (2)]
  4912 | D:5      | Killed Duvessa
  5182 | D:6      | Killed Menkaure
  5276 | D:6      | Got an ancient leather armour
  5304 | D:6      | Identified the +3 leather armour "Faovod" {-Cast rElec rPois Int+5} (You found it on level 6 of the Dungeon)
  5618 | D:6      | Noticed Eustachio
  5626 | D:6      | Killed Eustachio
  6335 | D:7      | Reached skill level 5 in Dodging
  6508 | D:7      | Reached XP level 10. HP: 91/91 MP: 13/13
  6521 | D:7      | Reached skill level 5 in Evocations
  6888 | D:8      | Noticed a two-headed ogre
  6904 | D:8      | Killed a two-headed ogre
  6904 | D:8      | Reached skill level 10 in Axes
  6944 | D:8      | Reached skill level 10 in Fighting
  6961 | D:8      | Paralysed by a hornet for 2 turns
  6972 | D:8      | Slain by a hornet

Skill      XL: |  1  2  3  4  5  6  7  8  9 10 |
---------------+-------------------------------+-----
Dodging        | 2 3 4 5 |  5.0
Fighting       | 4 5 7 9 10 | 10.0
Axes           | 5 6 9 10 | 10.3
Armour         | 4 7 8 |  8.0
Evocations     | 4 5 |  5.0

Action                   |  1- 3 |  4- 6 |  7- 9 | 10-12 || total
-------------------------+-------+-------+-------+-------++-------
Melee: Hand axe          |    80 |   143 |       |       ||   223
       War axe           |       |     9 |   499 |    67 ||   575
Throw: Stone             |    10 |    69 |    86 |    16 ||   181
       Tomahawk          |       |       |       |     4 ||     4
Invok: Berserk           |     1 |     3 |     6 |     1 ||    11
       Burn Spellbooks   |       |     1 |       |       ||     1
       Trog's Hand       |       |       |     3 |     1 ||     4
Evoke: Wand              |       |       |     3 |     2 ||     5
  Use: Scroll            |       |     3 |    15 |     2 ||    20
       Potion            |       |       |     9 |     1 ||    10
 Stab: Confused          |       |       |     2 |       ||     2
  Eat: Chunk             |       |    10 |    11 |     1 ||    22
       Bread ration      |       |       |     2 |     1 ||     3
Armor: Animal skin       |     3 |       |       |       ||     3
       Ring mail         |     5 |    30 |     1 |       ||    36
       Chain mail        |       |    39 |   184 |       ||   223
       Skin              |       |       |    80 |       ||    80
       Leather armour    |       |       |    41 |    20 ||    61
Dodge: Dodged            |    38 |    69 |   238 |    62 ||   407
